NCAA
OKLAHOMA STATE COWBOYS @ AUBURN TIGERS
05/12/2026
 
TOP OF THE 1ST
Oklahoma State Cowboys batting - Pitching for Auburn Tigers : LHP Tim Peters
Pitching: LHP Tim Peters
Batting: LHB Bill Bryan 0-0: Foul Ball, location: 2F
0-1: Ball
1-1: SINGLE (Groundball, 6MD)
Batting: RHB Joe Sulley 0-0: SINGLE (Groundball, 6MD)
Bill Bryan to second
Batting: RHB John Lynch 0-0: Foul Ball, location: 2F
0-1: Foul Ball, location: 2F
0-2: Ball
1-2: Foul Ball, location: 2F
1-2: Ball
2-2: Ball
3-2: Base on Balls
Bill Bryan to third
Joe Sulley to second
Batting: RHB Augusto Padilla 0-0: Called Strike
0-1: Ball
1-1: Ball
2-1: Called Strike
2-2: Foul Ball, location: 2F
2-2: Foul Ball, location: 2F
2-2: Foul Ball, location: 2F
2-2: SINGLE (Flyball, 8LS)
Bill Bryan scores
Joe Sulley to third
John Lynch to second
Batting: LHB Cristián Rodríguez 0-0: Called Strike
0-1: Called Strike
0-2: Fly out, F8 (Flyball, 8RD)
Runner from 3rd tags up, SCORES, no throw
Batting: SHB Ernest Hood 0-0: Ball
1-0: Ball
2-0: Ball
3-0: Called Strike
3-1: Base on Balls
John Lynch to third
Augusto Padilla to second
Batting: RHB Ryan Williams 0-0: Called Strike
0-1: Ball
1-1: Ball
2-1: DOUBLE (Flyball, 78M)
John Lynch scores
Augusto Padilla scores
Ernest Hood to third
Batting: LHB Bryan Davis 0-0: Called Strike
0-1: Foul Ball, location: 2F
0-2: Strikes out looking
Batting: LHB César Colón 0-0: Ball
1-0: Swinging Strike
1-1: Ball
2-1: Ball
3-1: Base on Balls
Batting: LHB Bill Bryan 0-0: Ball
1-0: Fly out, F7 (Flyball, 7M)
Top of the 1st over - 4 run(s), 4 hit(s), 0 error(s), 3 left on base; Oklahoma State 4 - Auburn 0
BOTTOM OF THE 1ST
Auburn Tigers batting - Pitching for Oklahoma State Cowboys : RHP Carl Garrison
Pitching: RHP Carl Garrison
Batting: SHB David Boyle 0-0: Foul Ball, location: 2F
0-1: Fly out, F8 (Flyball, 8RM)
Batting: SHB Garrett Waller 0-0: Ball
1-0: Ball
2-0: Ball
3-0: Called Strike
3-1: Foul Ball, location: 2F
3-2: Base on Balls
Batting: LHB Francisco Cardenas 0-0: Ball
1-0: Called Strike
1-1: SINGLE (Groundball, 3L)
Garrett Waller to second
Runner from 2nd tries for 3rd, SAFE, no throw or cutoff
Batting: LHB Edison Snyder 0-0: Called Strike
0-1: Foul Ball, location: 2F
0-2: Strikes out swinging
Batting: RHB Ángelo Young 0-0: DOUBLE (Flyball, 9M)
Garrett Waller scores
Francisco Cardenas to third
Runner from 3rd tries for Home, SAFE, no throw or cutoff
Batting: SHB Mike Robinson 0-0: Ball
1-0: Swinging Strike
1-1: Foul Ball, location: 2F
1-2: Strikes out swinging
Bottom of the 1st over - 2 run(s), 2 hit(s), 0 error(s), 1 left on base; Oklahoma State 4 - Auburn 2
TOP OF THE 2ND
Oklahoma State Cowboys batting - Pitching for Auburn Tigers : LHP Tim Peters
Batting: RHB Joe Sulley 0-0: Foul Ball, location: 2F
0-1: Ball
1-1: Ball
2-1: Called Strike
2-2: Foul Ball, location: 2F
2-2: Foul Ball, location: 2F
2-2: Ball
3-2: Base on Balls
Batting: RHB John Lynch 0-0: Foul Ball, location: 2F
0-1: Fly out, F7 (Flyball, 7M)
Batting: RHB Augusto Padilla 0-0: Ball
1-0: Swinging Strike
1-1: Ball
2-1: Ball
3-1: Swinging Strike
3-2: Base on Balls
Joe Sulley to second
Batting: LHB Cristián Rodríguez 0-0: Swinging Strike
0-1: DOUBLE (Line Drive, 78M)
Joe Sulley scores
Augusto Padilla to third
Batting: SHB Ernest Hood 0-0: Ball
1-0: Swinging Strike
1-1: SINGLE (Line Drive, 9S)
Augusto Padilla scores
Cristián Rodríguez to third
Runner from 3rd tries for Home, SAFE, no throw or cutoff
Batting: RHB Ryan Williams 0-0: Ball
1-0: Called Strike
1-1: Called Strike
1-2: Strikes out swinging
Batting: LHB Bryan Davis 0-0: Called Strike
0-1: Swinging Strike
0-2: Foul Ball, location: 2F
0-2: Fly out, F4 (Popup, 6MD)
Top of the 2nd over - 3 run(s), 2 hit(s), 0 error(s), 1 left on base; Oklahoma State 7 - Auburn 2
BOTTOM OF THE 2ND
Auburn Tigers batting - Pitching for Oklahoma State Cowboys : RHP Carl Garrison
Batting: RHB Jerry Browning 0-0: Ball
1-0: Foul Ball, location: 2F
1-1: Ball
2-1: Foul Ball, location: 2F
2-2: Strikes out looking
Batting: RHB Valentín Saldaña 0-0: Ball
1-0: Foul Ball, location: 2F
1-1: Ball
2-1: Swinging Strike
2-2: Foul Ball, location: 2F
2-2: Ball
3-2: Base on Balls
Batting: RHB Mauro González 0-0: Called Strike
0-1: Swinging Strike
0-2: Strikes out swinging
Batting: SHB David Boyle 0-0: Called Strike
0-1: Ball
1-1: Swinging Strike
1-2: Foul Ball, location: 2F
1-2: Ball
2-2: Ball
3-2: Foul Ball, location: 2F
3-2: Foul Ball, location: 2F
3-2: Fly out, F5 (Line Drive, 56)
Bottom of the 2nd over - 0 run(s), 0 hit(s), 0 error(s), 1 left on base; Oklahoma State 7 - Auburn 2
TOP OF THE 3RD
Oklahoma State Cowboys batting - Pitching for Auburn Tigers : LHP Tim Peters
Batting: LHB César Colón 0-0: Ball
1-0: Fly out, F7 (Flyball, 78M)
Batting: LHB Bill Bryan 0-0: Called Strike
0-1: Ground out U3 (Groundball, 3L)
Batting: RHB Joe Sulley 0-0: Ball
1-0: Ball
2-0: Called Strike
2-1: Swinging Strike
2-2: Ball
3-2: Foul Ball, location: 2F
3-2: Foul Ball, location: 2F
3-2: SINGLE (Groundball, 6MD)
Pitching: LHP Bill Mahoney
Batting: RHB John Lynch 0-0: Called Strike
0-1: Called Strike
0-2: Strikes out swinging
Top of the 3rd over - 0 run(s), 1 hit(s), 0 error(s), 1 left on base; Oklahoma State 7 - Auburn 2
BOTTOM OF THE 3RD
Auburn Tigers batting - Pitching for Oklahoma State Cowboys : RHP Carl Garrison
Batting: SHB Garrett Waller 0-0: Ball
1-0: Swinging Strike
1-1: Foul Ball, location: 2F
1-2: Hit by Pitch
Batting: LHB Francisco Cardenas 0-0: Fly out, F8 (Flyball, 8LXD)
Batting: LHB Edison Snyder 0-0: Fielders Choice at 2nd, 4-6 (Groundball, 4)
Batting: RHB Ángelo Young Pickoff Throw to First - Out!
Bottom of the 3rd over - 0 run(s), 0 hit(s), 0 error(s), 0 left on base; Oklahoma State 7 - Auburn 2
TOP OF THE 4TH
Oklahoma State Cowboys batting - Pitching for Auburn Tigers : LHP Bill Mahoney
Batting: RHB Augusto Padilla 0-0: Called Strike
0-1: Ball
1-1: Called Strike
1-2: Ball
2-2: Ball
3-2: Base on Balls
Batting: LHB Cristián Rodríguez 0-0: Foul Ball, location: 2F
0-1: DOUBLE (Line Drive, 9LM)
Augusto Padilla to third
Batting: SHB Ernest Hood 0-0: Fly out, F9 (Flyball, 9LM)
Runner from 3rd tags up, SCORES, no throw
Batting: RHB Ryan Williams 0-0: Foul Ball, location: 2F
0-1: Foul Ball, location: 2F
0-2: Ball
1-2: Ball
2-2: Foul Ball, location: 2F
2-2: Foul Ball, location: 2F
2-2: Ball
3-2: Strikes out looking
Batting: LHB Bryan Davis 0-0: Swinging Strike
0-1: Ground out 4-3 (Groundball, 4)
Top of the 4th over - 1 run(s), 1 hit(s), 0 error(s), 1 left on base; Oklahoma State 8 - Auburn 2
BOTTOM OF THE 4TH
Auburn Tigers batting - Pitching for Oklahoma State Cowboys : RHP Carl Garrison
Batting: RHB Ángelo Young 0-0: Foul Ball, location: 2F
0-1: SINGLE (Line Drive, 34D)
Batting: SHB Mike Robinson 0-0: Swinging Strike
0-1: SINGLE (Line Drive, 4MD)
Ángelo Young to second
Runner from 2nd tries for 3rd, SAFE, throw made to third
Batting: RHB Jerry Browning 0-0: Called Strike
0-1: Called Strike
0-2: Ball
1-2: Foul Ball, location: 2F
1-2: Strikes out swinging
Batting: RHB Valentín Saldaña 0-0: Ball
1-0: Ball
2-0: Swinging Strike
2-1: Ball
3-1: Called Strike
3-2: Foul Ball, location: 2F
3-2: Strikes out swinging
Batting: RHB Mauro González 0-0: Called Strike
0-1: Ball
1-1: Ball
2-1: Foul Ball, location: 2F
2-2: Strikes out swinging
Bottom of the 4th over - 0 run(s), 2 hit(s), 0 error(s), 2 left on base; Oklahoma State 8 - Auburn 2
TOP OF THE 5TH
Oklahoma State Cowboys batting - Pitching for Auburn Tigers : LHP Bill Mahoney
Batting: LHB César Colón 0-0: Called Strike
0-1: Ball
1-1: Ball
2-1: Called Strike
2-2: Ball
3-2: Foul Ball, location: 2F
3-2: Base on Balls
Batting: LHB Bill Bryan 0-0: Called Strike
0-1: Called Strike
0-2: Ball
1-2: Foul Ball, location: 2F
1-2: Foul Ball, location: 2F
1-2: Ball
2-2: Fly out, F6 (Line Drive, 6M)
Batting: RHB Joe Sulley 0-0: Called Strike
0-1: Swinging Strike
0-2: Ball
1-2: Ball
2-2: Strikes out swinging
Batting: RHB John Lynch 0-0: Called Strike
0-1: Ball
César Colón is caught stealing 2nd base
Top of the 5th over - 0 run(s), 0 hit(s), 0 error(s), 0 left on base; Oklahoma State 8 - Auburn 2
BOTTOM OF THE 5TH
Auburn Tigers batting - Pitching for Oklahoma State Cowboys : RHP Carl Garrison
Batting: SHB David Boyle 0-0: Ball
1-0: Ball
2-0: Fly out, F7 (Flyball, 7M)
Batting: SHB Garrett Waller 0-0: Ball
1-0: Ball
2-0: Ground out 4-3 (Groundball, 4)
Batting: LHB Francisco Cardenas 0-0: Ball
1-0: Ball
2-0: Called Strike
2-1: Ball
3-1: Fly out, F5 (Popup, 56)
Bottom of the 5th over - 0 run(s), 0 hit(s), 0 error(s), 0 left on base; Oklahoma State 8 - Auburn 2
TOP OF THE 6TH
Oklahoma State Cowboys batting - Pitching for Auburn Tigers : LHP Bill Mahoney
Batting: RHB John Lynch 0-0: Ball
1-0: Ground out 4-3 (Groundball, 4M)
Pitching: RHP James Jones
Batting: RHB Augusto Padilla 0-0: Ball
1-0: Fly out, F9 (Flyball, 89M)
Batting: LHB Cristián Rodríguez 0-0: Ball
1-0: Ball
2-0: Foul Ball, location: 2F
2-1: Ball
3-1: Base on Balls
Batting: SHB Ernest Hood 0-0: Ball
1-0: Ball
2-0: Fly out, F6 (Popup, 6D)
Top of the 6th over - 0 run(s), 0 hit(s), 0 error(s), 1 left on base; Oklahoma State 8 - Auburn 2
BOTTOM OF THE 6TH
Auburn Tigers batting - Pitching for Oklahoma State Cowboys : RHP Carl Garrison
Pitching: RHP Paul Sánchez
Batting: LHB Edison Snyder 0-0: Ball
1-0: Called Strike
1-1: Ball
2-1: Ball
3-1: SINGLE (Line Drive, 7S)
Batting: RHB Ángelo Young 0-0: Called Strike
0-1: Grounds into double play, 6-4-3 (Groundball, 6)
Batting: SHB Mike Robinson 0-0: Ball
1-0: Ball
2-0: SINGLE (Groundball, 6M)
Batting: RHB Jerry Browning 0-0: Called Strike
0-1: Ball
1-1: Swinging Strike
1-2: Foul Ball, location: 2F
1-2: Ball
2-2: SINGLE (Groundball, 6M)
Mike Robinson to second
Batting: RHB Valentín Saldaña 0-0: Foul Ball, location: 2F
0-1: Ground out 5-3 (Groundball, 5S)
Bottom of the 6th over - 0 run(s), 3 hit(s), 0 error(s), 2 left on base; Oklahoma State 8 - Auburn 2
TOP OF THE 7TH
Oklahoma State Cowboys batting - Pitching for Auburn Tigers : RHP James Jones
Batting: RHB Ryan Williams 0-0: Called Strike
0-1: Ball
1-1: Ball
2-1: Ball
3-1: Swinging Strike
3-2: Fly out, F5 (Popup, 56S)
Batting: LHB Bryan Davis 0-0: Called Strike
0-1: Called Strike
0-2: Ball
1-2: Ball
2-2: Strikes out swinging
Batting: LHB César Colón 0-0: Ball
1-0: Called Strike
1-1: Swinging Strike
1-2: Ball
2-2: Ball
3-2: Strikes out swinging
Top of the 7th over - 0 run(s), 0 hit(s), 0 error(s), 0 left on base; Oklahoma State 8 - Auburn 2
BOTTOM OF THE 7TH
Auburn Tigers batting - Pitching for Oklahoma State Cowboys : RHP Paul Sánchez
Batting: RHB Mauro González 0-0: Ball
1-0: Foul Ball, location: 2F
1-1: Ball
2-1: Swinging Strike
2-2: Strikes out swinging
Batting: SHB David Boyle 0-0: Swinging Strike
0-1: Ball
1-1: Foul Ball, location: 2F
1-2: Foul Ball, location: 2F
1-2: SINGLE (Groundball, 34D)
Batting: SHB Garrett Waller 0-0: Ball
1-0: Called Strike
1-1: DOUBLE (Line Drive, 5L)
David Boyle to third
Runner from 3rd tries for Home, SAFE, no throw or cutoff
Batting: LHB Francisco Cardenas 0-0: Ball
1-0: Ball
2-0: Ball
3-0: Called Strike
3-1: Fly out, F8 (Flyball, 8LXD)
Runner from 2nd tags up, SAFE at 3rd, no throw
Pitching: RHP Ken Burnett
Batting: LHB Edison Snyder 0-0: Called Strike
0-1: Ball
1-1: Fly out, F9 (Flyball, 9M)
Bottom of the 7th over - 1 run(s), 2 hit(s), 0 error(s), 1 left on base; Oklahoma State 8 - Auburn 3
TOP OF THE 8TH
Oklahoma State Cowboys batting - Pitching for Auburn Tigers : RHP James Jones
Batting: LHB Bill Bryan 0-0: Ball
1-0: Foul Ball, location: 2F
1-1: Ball
2-1: Ball
3-1: Foul Ball, location: 2F
3-2: Base on Balls
Batting: RHB Joe Sulley 0-0: Called Strike
0-1: SINGLE (Line Drive, 56D)
Bill Bryan to second
Batting: RHB John Lynch 0-0: Called Strike
0-1: Hit by Pitch
Bill Bryan to third
Joe Sulley to second
Batting: RHB Augusto Padilla 0-0: Called Strike
0-1: Grounds into double play, 5-4-3 (Groundball, 5)
Bill Bryan scores
Joe Sulley to third
Batting: LHB Cristián Rodríguez 0-0: Called Strike
0-1: Ball
1-1: Called Strike
1-2: Strikes out swinging
Top of the 8th over - 1 run(s), 1 hit(s), 0 error(s), 1 left on base; Oklahoma State 9 - Auburn 3
BOTTOM OF THE 8TH
Auburn Tigers batting - Pitching for Oklahoma State Cowboys : RHP Ken Burnett
Now at 1B: Cisco Oliva
Batting: RHB Ángelo Young 0-0: Ball
1-0: Fly out, F9 (Flyball, 89M)
Batting: SHB Mike Robinson 0-0: Foul Ball, location: 2F
0-1: Called Strike
0-2: Foul Ball, location: 2F
0-2: Fly out, F9 (Flyball, 89M)
Batting: RHB Jerry Browning 0-0: Swinging Strike
0-1: Foul Ball, location: 2F
0-2: Strikes out looking
Bottom of the 8th over - 0 run(s), 0 hit(s), 0 error(s), 0 left on base; Oklahoma State 9 - Auburn 3
TOP OF THE 9TH
Oklahoma State Cowboys batting - Pitching for Auburn Tigers : RHP James Jones
Pitching: RHP Eddy Jackson
Batting: SHB Ernest Hood 0-0: Ball
1-0: Ball
2-0: Foul Ball, location: 2F
2-1: Ball
3-1: Foul Ball, location: 2F
3-2: Strikes out swinging
Batting: RHB Ryan Williams 0-0: SINGLE (Flyball, 78S)
Batting: LHB Bryan Davis 0-0: Called Strike
0-1: Grounds into double play, 4-6-3 (Groundball, 34)
Top of the 9th over - 0 run(s), 1 hit(s), 0 error(s), 0 left on base; Oklahoma State 9 - Auburn 3
BOTTOM OF THE 9TH
Auburn Tigers batting - Pitching for Oklahoma State Cowboys : RHP Ken Burnett
Batting: RHB Valentín Saldaña 0-0: Bunt - Flyout! F1
Batting: RHB Mauro González 0-0: Called Strike
0-1: Ball
1-1: Ball
2-1: Ground out 6-3 (Groundball, 6M)
Batting: SHB David Boyle 0-0: Called Strike
0-1: SINGLE (Line Drive, 8RS)
Batting: SHB Garrett Waller 0-0: Called Strike
0-1: Ball
1-1: SINGLE (Groundball, 6M)
David Boyle to second
Runner from 2nd tries for 3rd, SAFE, no throw or cutoff
Batting: LHB Francisco Cardenas 0-0: Ball
1-0: Ball
2-0: Called Strike
2-1: Fly out, F8 (Flyball, 8RM)
Bottom of the 9th over - 0 run(s), 2 hit(s), 0 error(s), 2 left on base; Oklahoma State 9 - Auburn 3
Monday, December 5th, 2016 - OOTP Baseball 17.12 Build 75